[Event "Titled Tuesday Blitz January 11 2022"]
[White "Shimanov, Aleksandr"]
[Black "Rasulov, Vugar"]
[WhiteFideId "4198603"]
[BlackFideId "13402390"]
[WhiteElo "2636"]
[BlackElo "2560"]
[Result "1-0"]
[Round "05"]
[TimeControl "180+1"]
[Date "2022.01.11"]
[WhiteClock "0:01:39"]
[BlackClock "0:00:16"]

1. d4 Nf6 2. Nf3 c5 3. c3 Qc7 4. Bg5 d6 5. Nbd2 Nbd7 6. e4 g6 7. Bd3 Bg7 8. O-O O-O 9. h3 a6 10. Re1 e5 11. dxe5 dxe5 12. a4 h6 13. Be3 Nh5 14. Qc2 Rb8 15. a5 Nf4 16. Bf1 Nf6 17. Nc4 Nh7 18. Nb6 Be6 19. Rad1 Rbd8 20. Bxf4 exf4 21. Bc4 Bxc4 22. Nxc4 Nf6 23. Rxd8 Rxd8 24. e5 Nh7 25. e6 fxe6 26. Qxg6 Nf8 27. Qe4 Rd5 28. Nfe5 Bxe5 29. Nxe5 Qxa5 30. Qxf4 Qc7 31. Re3 Nh7 32. h4 Nf8 33. Rg3+ Kh7 34. Qxf8 1-0


[Site "https://www.chess.com"]

[Event "Titled Tuesday Blitz January 11 2022"]
[White "Siddharth, Jagadeesh"]
[Black "Hakobyan, Aram"]
[WhiteFideId "5818320"]
[BlackFideId "13306677"]
[WhiteElo "2127"]
[BlackElo "2557"]
[Result "0-1"]
[Round "05"]
[TimeControl "180+1"]
[Date "2022.01.11"]
[WhiteClock "0:00:29"]
[BlackClock "0:01:39"]

1. d4 Nf6 2. c4 g6 3. g3 c5 4. Nf3 Bg7 5. Nc3 Qa5 6. Qa4 Qxa4 7. Nxa4 cxd4 8. Nxd4 Nc6 9. Nxc6 bxc6 10. b3 Ne4 11. Bb2 Bxb2 12. Nxb2 a5 13. Bg2 Nc5 14. O-O Rb8 15. Nd3 Na6 16. Rfd1 Nb4 17. Nxb4 Rxb4 18. Bh3 f5 19. Rd3 c5 20. Bg2 d6 21. Bc6+ Bd7 22. Bxd7+ Kxd7 23. Rc1 a4 24. Kg2 Rhb8 25. Rcc3 axb3 26. axb3 Ra8 27. Rc2 Ra3 28. Rb2 Kc6 29. f4 Ra1 30. h4 Rc1 31. Ra2 Rb1 32. Ra7 R4xb3 33. Rxe7 Rb7 34. Re6 Rd7 35. e4 Rc1 36. e5 Rxc4 37. Rdxd6+ Rxd6 38. Rxd6+ Kb5 39. Rd7 h5 40. Rb7+ Kc6 41. Rg7 Re4 42. Rxg6+ Kb5 43. Rg8 c4 44. Rc8 Kb4 45. Kf3 c3 46. Rb8+ Ka3 47. Rc8 Kb2 48. Rb8+ Kc1 49. Rc8 c2 50. Kf2 Kd2 51. Rd8+ Kc3 0-1


[Site "https://www.chess.com"]

[Event "Titled Tuesday Blitz January 11 2022"]
[White "Sipetin, Vladislav"]
[Black "Tari, Aryan"]
[WhiteFideId "24176893"]
[BlackFideId "1510045"]
[WhiteElo "2228"]
[BlackElo "2567"]
[Result "0-1"]
[Round "05"]
[TimeControl "180+1"]
[Date "2022.01.11"]
[WhiteClock "0:00:03"]
[BlackClock "0:00:45"]

1. e4 c6 2. Nf3 d5 3. exd5 cxd5 4. Ne5 Nf6 5. d4 a6 6. Bd3 Nc6 7. c3 g6 8. O-O Bg7 9. Re1 O-O 10. Nd2 Nd7 11. Nxc6 bxc6 12. Nf3 c5 13. Qe2 e6 14. Bf4 Qb6 15. Qd2 a5 16. h4 Ba6 17. Bxa6 Rxa6 18. h5 cxd4 19. cxd4 Qb4 20. Qd3 Rc6 21. h6 Bf6 22. Rac1 Rfc8 23. b3 Nc5 24. Qb1 Ne4 25. Rxc6 Rxc6 26. Rc1 Qb5 27. a4 Qb7 28. Rxc6 Qxc6 29. Qd3 g5 30. Be5 Bxe5 31. Nxe5 Qc1+ 32. Kh2 Nxf2 33. Qf3 Qh1+ 34. Kg3 Qh4# 0-1


[Site "https://www.chess.com"]

[Event "Titled Tuesday Blitz January 11 2022"]
[White "Solovchuk, Oleksiy"]
[Black "Holt, Conrad"]
[WhiteFideId "14115220"]
[BlackFideId "2034387"]
[WhiteElo "2295"]
[BlackElo "2586"]
[Result "0-1"]
[Round "05"]
[TimeControl "180+1"]
[Date "2022.01.11"]
[WhiteClock "0:00:03"]
[BlackClock "0:00:08"]

1. c4 c6 2. Nf3 d5 3. e3 Bg4 4. Be2 e6 5. b3 Nd7 6. Bb2 Ngf6 7. O-O Bd6 8. cxd5 exd5 9. Nd4 Bxe2 10. Qxe2 O-O 11. Nf5 Be5 12. Bxe5 Nxe5 13. d4 Ng6 14. Nc3 Qd7 15. Qf3 Rfe8 16. b4 Ne4 17. Nxe4 Rxe4 18. Rab1 a5 19. a4 Re6 20. Qh3 axb4 21. Rxb4 Ra7 22. Rfb1 Nf8 23. Qh4 Rf6 24. Ng3 h6 25. h3 Qc7 26. Nh5 Rf5 27. Qg3 Qxg3 28. Nxg3 Rf6 29. Nh5 Rd6 30. Nf4 Rd7 31. Nd3 Ne6 32. f4 Re7 33. Kf2 Kf8 34. g4 Nd8 35. Nc5 g6 36. h4 Kg7 37. Kf3 Kf6 38. Nd3 Kg7 39. Rh1 Ne6 40. h5 Re8 41. hxg6 fxg6 42. Ne5 Rea8 43. Rhb1 Nd8 44. Ra1 b5 45. Rc1 bxa4 46. Nxc6 Rc7 47. Nxd8 Rxc1 48. Rb7+ Kg8 49. Nf7 a3 50. Nxh6+ Kf8 51. f5 gxf5 52. g5 Ra6 53. Rb8+ Ke7 54. Nxf5+ Kd7 55. Rb7+ Kd8 56. Rb8+ Kc7 57. Rg8 a2 58. g6 a1=Q 59. g7 Rf1+ 60. Kg4 Rg1+ 61. Kf4 Qf1+ 62. Ke5 Rg5 63. Rf8 Rag6 64. Rf7+ Kb6 65. e4 Qf3 66. exd5 Rxg7 67. Rf6+ Ka5 68. Ke6 Qe4+ 69. Kd6 Rxf5 70. Rxf5 Qxf5 71. Kc5 Qc8+ 72. Kd6 Qc7+ 73. Ke6 Qe7+ 74. Kf5 Qf7+ 75. Ke5 Rg5+ 76. Kd6 Qf6+ 77. Kc5 Qd8 78. Kc6 Qxd5+ 79. Kc7 Rg7+ 80. Kb8 Qg8# 0-1


[Site "https://www.chess.com"]

[Event "Titled Tuesday Blitz January 11 2022"]
[White "Stoleriu, George"]
[Black "Janaszak, Dawid"]
[WhiteFideId "1227505"]
[BlackFideId "1119206"]
[WhiteElo "2203"]
[BlackElo "2199"]
[Result "0-1"]
[Round "05"]
[TimeControl "180+1"]
[Date "2022.01.11"]
[WhiteClock "0:00:04"]
[BlackClock "0:00:08"]

1. e4 c5 2. Nf3 Nc6 3. Bb5 g6 4. Bxc6 dxc6 5. d3 Bg7 6. h3 e5 7. Be3 Qe7 8. O-O Nf6 9. a4 Nd7 10. Na3 O-O 11. Nc4 f5 12. exf5 gxf5 13. Re1 f4 14. Bd2 Rf5 15. Qe2 b5 16. axb5 cxb5 17. Qe4 bxc4 18. Qxa8 Rf8 19. Qd5+ Kh8 20. Rxa7 cxd3 21. cxd3 Nb6 22. Rxe7 Nxd5 23. Ra7 Re8 24. Ra8 Nb6 25. Ra5 c4 26. Rb5 Nd7 27. Bc3 cxd3 28. Nxe5 Nxe5 29. Bxe5 d2 30. Bxg7+ Kxg7 31. Rf1 Ba6 32. Rd5 Bxf1 33. Rxd2 Re1 34. Kh2 Kf6 35. Rd4 Ke5 36. Rb4 Bd3 37. Rb7 Kf6 38. Rb6+ Kf5 39. Rb7 Kf6 40. Rb6+ Re6 41. Rb4 Kf5 42. g3 fxg3+ 43. Kxg3 Rg6+ 44. Kf3 Rd6 45. Rf4+ Ke5 46. Rh4 Bg6 47. Ke3 Kf6 48. Rf4+ Ke5 49. Rb4 Rc6 50. Rb5+ Ke6 51. f4 Rc2 52. Re5+ Kf6 53. b4 Rc3+ 54. Kd4 Rxh3 55. b5 Rd3+ 56. Kc5 Rc3+ 57. Kd6 Rc4 58. b6 Rxf4 59. Rb5 Rd4+ 60. Kc7 Be4 61. Rh5 Kg6 62. Rh4 Rc4+ 63. Kd6 Kg5 64. Rh2 Rb4 65. Kc5 Rb1 66. Re2 Bf3 67. Re3 Kf4 68. Re7 h5 69. Rf7+ Kg3 70. Rg7+ Kf2 71. Rh7 Kg3 72. Rg7+ Kh3 73. Rf7 Bg2 74. Re7 h4 75. Re3+ Kh2 76. Re2 h3 77. Rd2 Kh1 78. Rf2 h2 79. Rf7 Kg1 0-1


[Site "https://www.chess.com"]

[Event "Titled Tuesday Blitz January 11 2022"]
[White "Taboas Rodriguez, Daniel"]
[Black "Safarli, Eltaj"]
[WhiteFideId "2208466"]
[BlackFideId "13402129"]
[WhiteElo "2429"]
[BlackElo "2634"]
[Result "1-0"]
[Round "05"]
[TimeControl "180+1"]
[Date "2022.01.11"]
[WhiteClock "0:00:06"]
[BlackClock "0:00:11"]

1. d4 Nf6 2. Nf3 g6 3. c4 Bg7 4. Nc3 d5 5. cxd5 Nxd5 6. e4 Nxc3 7. bxc3 c5 8. Be3 Nd7 9. Bd3 O-O 10. O-O b6 11. Qe2 Bb7 12. Bg5 h6 13. Bh4 Nf6 14. Rfe1 Re8 15. Rad1 Qc7 16. Bg3 Qc8 17. e5 Nd5 18. Rc1 e6 19. Nd2 Qd7 20. Ne4 cxd4 21. cxd4 Red8 22. Bb5 Qe7 23. Nd6 Rab8 24. a4 h5 25. h4 Bh6 26. Rc2 Nf4 27. Bxf4 Bxf4 28. g3 Bh6 29. Bc6 Bxc6 30. Rxc6 Qd7 31. Qe4 Bf8 32. Rec1 Bxd6 33. Rxd6 Qxa4 34. Rc7 Rbc8 35. Qf4 Rf8 36. Rdd7 Rxc7 37. Rxc7 b5 38. Kh2 Qa5 39. Rd7 Qa2 40. Qf6 Qc2 41. Rxa7 b4 42. Rb7 b3 43. d5 b2 44. dxe6 b1=Q 45. Rxf7 Rxf7 46. Qxf7+ Kh8 47. e7 Qb8 48. Qf8+ Qxf8 49. exf8=Q+ Kh7 50. Qf7+ Kh6 51. Qf4+ Kg7 52. e6 Qa2 53. Qf7+ Kh6 54. Qf8+ Kh7 55. e7 Qe6 56. e8=Q Qxe8 57. Qxe8 g5 58. Qe6 gxh4 59. gxh4 Kg7 60. Kg3 Kh7 61. Kf4 Kg7 62. Kg5 Kh7 63. Qd7+ Kg8 64. Kg6 1-0


[Site "https://www.chess.com"]

[Event "Titled Tuesday Blitz January 11 2022"]
[White "Talibov, Shiroghlan"]
[Black "Sjugirov, Sanan"]
[WhiteFideId "13429078"]
[BlackFideId "4189302"]
[WhiteElo "2070"]
[BlackElo "2602"]
[Result "0-1"]
[Round "05"]
[TimeControl "180+1"]
[Date "2022.01.11"]
[WhiteClock "0:01:31"]
[BlackClock "0:01:39"]

1. c4 e5 2. Nc3 Nc6 3. Nf3 Nf6 4. e4 Bb4 5. d3 d6 6. Be2 O-O 7. O-O Bxc3 8. bxc3 h6 9. Ne1 a6 10. a4 Nh7 11. f4 f5 12. exf5 Bxf5 13. Bg4 Bxg4 14. Qxg4 Qe8 15. Rb1 Rb8 16. Be3 Nf6 17. Qf3 e4 18. dxe4 Qxe4 19. c5 Qxb1 0-1


[Site "https://www.chess.com"]

[Event "Titled Tuesday Blitz January 11 2022"]
[White "Tsydypov, Zhamsaran"]
[Black "Agibileg, Uurtsaikh"]
[WhiteFideId "4108566"]
[BlackFideId "4901606"]
[WhiteElo "2614"]
[BlackElo "2205"]
[Result "1-0"]
[Round "05"]
[TimeControl "180+1"]
[Date "2022.01.11"]
[WhiteClock "0:02:15"]
[BlackClock "0:00:21"]

1. d4 Nf6 2. Nf3 g6 3. Bg5 Bg7 4. Nbd2 O-O 5. e3 c5 6. c3 b6 7. Bd3 Bb7 8. O-O d6 9. a4 Nbd7 10. Qe2 h6 11. Bh4 g5 12. Bg3 Nh5 13. Ba6 Bxa6 14. Qxa6 e5 15. dxe5 dxe5 16. Rfd1 Qe7 17. e4 Nf4 18. Nc4 Nb8 19. Qb5 Rd8 20. Ne3 Bf8 21. Nf5 Rxd1+ 22. Rxd1 Qe6 23. Rd8 a6 24. Qe8 Qxe8 25. Rxe8 f6 26. Bxf4 gxf4 27. Nxh6+ Kg7 28. Nf5+ Kf7 29. Rc8 b5 30. a5 c4 31. h4 b4 32. h5 bxc3 33. bxc3 Ba3 34. h6 Kg6 35. N3h4+ Kh7 36. Rc7+ Kg8 37. h7+ Kh8 38. Ng6# 1-0


[Site "https://www.chess.com"]

[Event "Titled Tuesday Blitz January 11 2022"]
[White "Wagh Suyog"]
[Black "Pichot, Alan"]
[WhiteFideId "25071688"]
[BlackFideId "110973"]
[WhiteElo "2181"]
[BlackElo "2543"]
[Result "0-1"]
[Round "05"]
[TimeControl "180+1"]
[Date "2022.01.11"]
[WhiteClock "0:00:05"]
[BlackClock "0:01:00"]

1. d4 Nf6 2. c4 e6 3. Nf3 d5 4. Nc3 dxc4 5. e4 b5 6. e5 Nfd7 7. Nxb5 Nb6 8. Be2 Nc6 9. O-O Be7 10. Qd2 Bb7 11. Qf4 Qd7 12. Nc3 f5 13. exf6 gxf6 14. a4 Rg8 15. a5 Nd5 16. Nxd5 Qxd5 17. a6 Nxd4 18. Qxd4 Rxg2+ 19. Kxg2 Qxd4 20. axb7 Qg4+ 21. Kh1 Rb8 22. Rg1 Qe4 23. Rg8+ Bf8 24. Bh6 Rxb7 25. Rxf8+ Ke7 26. Rg8 Qxe2 27. Ng1 Qe4+ 28. f3 Qh4 29. Be3 Rxb2 30. Rg2 Rxg2 31. Kxg2 c3 32. Rc1 Qc4 33. Kf2 e5 34. Ne2 c2 35. Bxa7 f5 36. Be3 f4 37. Bd2 Qd3 38. Bc3 Qe3+ 39. Ke1 Ke6 40. Rxc2 Qxf3 41. Bd2 Qh1+ 42. Kf2 Qxh2+ 43. Kf1 f3 44. Be3 fxe2+ 45. Rxe2 Qh3+ 46. Ke1 c5 47. Bd2 c4 48. Re3 Qh1+ 49. Ke2 Qg2+ 50. Ke1 h5 51. Bc3 Qh2 52. Re2 Qg3+ 0-1


[Site "https://www.chess.com"]

[Event "Titled Tuesday Blitz January 11 2022"]
[White "Yeletsky, Ivan"]
[Black "Aloma Vidal, Robert"]
[WhiteFideId "24180327"]
[BlackFideId "2260409"]
[WhiteElo "2348"]
[BlackElo "2435"]
[Result "1-0"]
[Round "05"]
[TimeControl "180+1"]
[Date "2022.01.11"]
[WhiteClock "0:00:10"]
[BlackClock "0:00:07"]

1. c4 c6 2. Nf3 d5 3. g3 Bg4 4. Ne5 Be6 5. cxd5 Bxd5 6. f3 Nd7 7. d4 Nxe5 8. dxe5 c5 9. e4 Bc6 10. Qxd8+ Rxd8 11. e6 fxe6 12. Be3 b6 13. a4 g6 14. Nc3 Bg7 15. Bc4 Kf7 16. a5 Nf6 17. axb6 axb6 18. Bb5 Bxb5 19. Nxb5 Nd7 20. Ke2 Bxb2 21. Ra7 Nf6 22. Rb1 Bd4 23. Bf4 e5 24. Nxd4 exf4 25. Nc6 Rd7 26. Ne5+ Ke6 27. Nxd7 Nxd7 28. gxf4 Rf8 29. Ke3 Rf7 30. Rb7 Rf8 31. Rd1 Nf6 32. Rxb6+ Kf7 33. Rc6 Ra8 34. Rxc5 Ra3+ 35. Rd3 Ra2 36. Rd2 Ra3+ 37. Kf2 Nh5 38. f5 Nf4 39. fxg6+ hxg6 40. Kg3 Nh5+ 41. Kg4 Nf6+ 42. Kf4 Nh5+ 43. Rxh5 gxh5 44. Rd5 Kg6 45. Rg5+ Kf6 46. Rxh5 e6 47. h4 Kg6 48. Rg5+ Kf6 49. e5+ Kf7 50. h5 Ra4+ 51. Kg3 Ra1 52. h6 Rh1 53. Rg7+ Kf8 54. Kg4 Rg1+ 55. Kh5 Rh1+ 56. Kg6 Rg1+ 57. Kh7 Rh1 58. Rg6 Kf7 59. Rf6+ Ke7 60. Kg7 Rg1+ 61. Rg6 Rf1 62. h7 Rxf3 63. h8=Q Rf7+ 64. Kh6 Rf6 65. Qxf6+ Kd7 66. Qxe6+ Kc7 67. Qe7+ Kc8 68. Rg8# 1-0


[Site "https://www.chess.com"]

[Event "Titled Tuesday Blitz January 11 2022"]
[White "Yoo, Christopher Woojin"]
[Black "Gaehwiler, Gabriel"]
[WhiteFideId "30909694"]
[BlackFideId "1314530"]
[WhiteElo "2105"]
[BlackElo "2383"]
[Result "1-0"]
[Round "05"]
[TimeControl "180+1"]
[Date "2022.01.11"]
[WhiteClock "0:00:03"]
[BlackClock "0:00:02"]

1. e4 e5 2. Nf3 Nf6 3. d4 Nxe4 4. Bd3 d5 5. Nxe5 Nd7 6. Nxd7 Bxd7 7. O-O Be7 8. Nd2 Nd6 9. Qh5 Be6 10. Nf3 g6 11. Qh6 Bf6 12. Re1 Qe7 13. b3 O-O-O 14. c4 Qd7 15. Qf4 Bg7 16. Ne5 Qe8 17. cxd5 Bxd5 18. Ba3 Kb8 19. Nxg6 hxg6 20. Rxe8 Rhxe8 21. Bb2 Ne4 22. f3 Nd6 23. Kf2 Rh8 24. h4 Be6 25. Rh1 Nf5 26. Bxf5 Bxf5 27. g4 Be6 28. h5 gxh5 29. Rxh5 Rhe8 30. d5 Bxb2 31. dxe6 Bd4+ 32. Kg2 Rxe6 33. Qxf7 Re2+ 34. Kg3 Bf2+ 35. Kf4 Be3+ 36. Kf5 a5 37. g5 Rf2 38. Ke4 Re2 39. Kf5 Rf2 40. Rh3 Rd4 41. Qe8+ Ka7 42. Qxe3 1-0


[Site "https://www.chess.com"]

[Event "Titled Tuesday Blitz January 11 2022"]
[White "Bacrot, Etienne"]
[Black "Pert, Richard G"]
[WhiteFideId "605506"]
[BlackFideId "404748"]
[WhiteElo "2673"]
[BlackElo "2441"]
[Result "1-0"]
[Round "06"]
[TimeControl "180+1"]
[Date "2022.01.11"]
[WhiteClock "0:00:06"]
[BlackClock "0:00:05"]

1. e4 c6 2. Nf3 d5 3. Nc3 Bg4 4. h3 Bxf3 5. Qxf3 Nf6 6. d3 e6 7. a3 Nbd7 8. g3 Qa5 9. Bd2 Qb6 10. Rb1 d4 11. Nd1 Bxa3 12. Bg2 Bb4 13. c3 Bc5 14. O-O O-O-O 15. b4 dxc3 16. Nxc3 Ne5 17. Qe2 Bd4 18. Kh2 h6 19. b5 c5 20. Na4 Qd6 21. b6 a6 22. Rfc1 Kb8 23. f4 Nxd3 24. e5 Nxc1 25. Rxc1 Qd7 26. exf6 Qxa4 27. fxg7 Rhg8 28. Qe4 Qc6 29. Qc2 Qd7 30. f5 Rxg7 31. Bxh6 Rgg8 32. fxe6 fxe6 33. Qe4 e5 34. Rf1 Rge8 35. Rf6 Re7 36. Bg5 Rg7 37. Bh4 Rh8 38. Qf3 Rhg8 39. Rf8+ Rxf8 40. Qxf8+ Qc8 41. Qxg7 e4 42. Qe7 e3 43. Bg5 Ka8 44. Bf4 c4 45. Qc7 Qxc7 46. bxc7 1-0


[Site "https://www.chess.com"]

[Event "Titled Tuesday Blitz January 11 2022"]
[White "Bluebaum, Matthias"]
[Black "Vysochin, Spartak"]
[WhiteFideId "24651516"]
[BlackFideId "14103516"]
[WhiteElo "2550"]
[BlackElo "2401"]
[Result "0-1"]
[Round "06"]
[TimeControl "180+1"]
[Date "2022.01.11"]
[WhiteClock "0:01:52"]
[BlackClock "0:02:49"]

1. d4 d5 2. c4 c6 3. Nc3 Nf6 4. e3 Bf5 5. Nf3 e6 6. Bd3 Bxd3 7. Qxd3 Nbd7 8. O-O Be7 9. e4 dxe4 10. Nxe4 Nxe4 11. Qxe4 O-O 12. Qe2 0-1


[Site "https://www.chess.com"]

[Event "Titled Tuesday Blitz January 11 2022"]
[White "Boruchovsky, Avital"]
[Black "Salimova, Nurgyul"]
[WhiteFideId "2800055"]
[BlackFideId "2915138"]
[WhiteElo "2469"]
[BlackElo "2185"]
[Result "1/2-1/2"]
[Round "06"]
[TimeControl "180+1"]
[Date "2022.01.11"]
[WhiteClock "0:00:34"]
[BlackClock "0:00:20"]

1. c4 Nf6 2. Nc3 g6 3. e4 e5 4. Nf3 Bg7 5. Nxe5 O-O 6. d4 Re8 7. Be3 d6 8. Nf3 Nxe4 9. Nxe4 Rxe4 10. Bd3 Re8 11. O-O Nc6 12. d5 Ne5 13. Nxe5 Bxe5 14. Qc2 b6 15. Rae1 Bd7 16. f4 Bf6 17. Bf2 Rxe1 18. Rxe1 Qf8 19. b4 Re8 20. Rxe8 Qxe8 21. c5 Ba4 22. Qd2 Bb5 23. cxd6 cxd6 24. h3 Bxd3 25. Qxd3 Qa4 26. Qc4 Qd1+ 27. Kh2 Qd2 28. Bg3 h5 29. f5 Bd4 30. Bxd6 Qd1 31. Qc8+ Kh7 32. fxg6+ Kxg6 33. Qg8+ Kf6 34. Qe8 Qg1+ 35. Kg3 Qf2+ 36. Kh2 Qg1+ 37. Kg3 Qf2+ 38. Kh2 Qg1+ 1/2-1/2


[Site "https://www.chess.com"]

[Event "Titled Tuesday Blitz January 11 2022"]
[White "Bryakin, Mikhail"]
[Black "Aradhya, Garg"]
[WhiteFideId "4165314"]
[BlackFideId "25006746"]
[WhiteElo "2421"]
[BlackElo "2169"]
[Result "1-0"]
[Round "06"]
[TimeControl "180+1"]
[Date "2022.01.11"]
[WhiteClock "0:01:25"]
[BlackClock "0:00:13"]

1. e4 e5 2. d4 exd4 3. Qxd4 Nc6 4. Qd3 Nf6 5. Nc3 Bb4 6. Bd2 O-O 7. O-O-O b5 8. f4 Bxc3 9. Bxc3 b4 10. Be1 d6 11. Bh4 Qe7 12. Re1 Qe6 13. Kb1 d5 14. exd5 Qxd5 15. Bxf6 Qxd3 16. Bxd3 gxf6 17. Be4 Bd7 18. Nf3 Rae8 19. Nd2 Nd4 20. c3 bxc3 21. bxc3 Rb8+ 22. Kc1 Nb5 23. Re3 Rfe8 24. Rhe1 f5 25. Bc2 Re6 26. Bb3 Rc6 27. Kc2 Nd4+ 28. Kd3 Nxb3 29. axb3 Be6 30. Re5 Kg7 31. b4 Rd8+ 32. Kc2 Rcd6 33. Nf3 Bd5 34. Nd4 Be4+ 35. R5xe4 fxe4 36. Nf5+ Kf6 37. Nxd6 cxd6 38. Rxe4 d5 39. Re5 d4 40. c4 d3+ 41. Kd2 Rd4 42. Rc5 Rxf4 43. Kxd3 Rf2 44. Ra5 Rxg2 45. Rxa7 Rxh2 46. b5 Ke6 47. Kd4 h5 48. Kc5 h4 49. b6 Rb2 50. Ra3 Kf5 51. Rf3+ Ke4 52. Rxf7 h3 53. Rh7 h2 54. Kc6 Kd4 55. c5 Rc2 56. Rh4+ Ke5 57. b7 Rb2 58. Kc7 Rb4 59. Rxh2 Kd5 60. Rh5+ Ke6 61. b8=Q Rxb8 62. Kxb8 Kf6 63. c6 Kg6 64. Re5 Kf6 65. Re1 Kf7 66. c7 Kf6 67. c8=Q 1-0


[Site "https://www.chess.com"]

[Event "Titled Tuesday Blitz January 11 2022"]
[White "Corrales Jimenez, Fidel"]
[Black "Avazkhonov, Alikhon"]
[WhiteFideId "3506690"]
[BlackFideId "14208504"]
[WhiteElo "2541"]
[BlackElo "1739"]
[Result "1-0"]
[Round "06"]
[TimeControl "180+1"]
[Date "2022.01.11"]
[WhiteClock "0:01:28"]
[BlackClock "0:00:09"]

1. d4 d5 2. Nf3 c6 3. Bf4 Bf5 4. e3 Nf6 5. Bd3 Bxd3 6. cxd3 e6 7. Nc3 Bd6 8. Ne5 O-O 9. Qf3 Bxe5 10. Bxe5 Nfd7 11. Bd6 Re8 12. h4 Nf8 13. Bxf8 Rxf8 14. h5 Nd7 15. g4 e5 16. Ne2 exd4 17. Nxd4 Ne5 18. Qe2 c5 19. Nf5 h6 20. f4 Nc6 21. O-O-O d4 22. g5 hxg5 23. Rdg1 dxe3 24. Rxg5 Nd4 25. Qg4 Nxf5 26. Qxf5 Qc8 27. Rxg7+ Kxg7 28. Rg1+ 1-0


[Site "https://www.chess.com"]

[Event "Titled Tuesday Blitz January 11 2022"]
[White "Costachi, Mihnea"]
[Black "Samunenkov, Ihor"]
[WhiteFideId "1217518"]
[BlackFideId "14187086"]
[WhiteElo "2464"]
[BlackElo "2406"]
[Result "1/2-1/2"]
[Round "06"]
[TimeControl "180+1"]
[Date "2022.01.11"]
[WhiteClock "0:00:30"]
[BlackClock "0:00:21"]

1. e4 c6 2. g3 d5 3. exd5 cxd5 4. Bg2 Nc6 5. Nc3 Nf6 6. d3 Bg4 7. Nf3 e6 8. h3 Bxf3 9. Bxf3 Bd6 10. O-O O-O 11. Bg2 Rc8 12. Bd2 a6 13. Ne2 Qd7 14. d4 b5 15. a3 Ne4 16. c3 Nxd2 17. Qxd2 Na5 18. Rae1 Nc4 19. Qc2 a5 20. Nc1 b4 21. axb4 axb4 22. Nd3 bxc3 23. bxc3 Qc7 24. Ra1 Na3 25. Qe2 Qxc3 26. Rfd1 Nc2 27. Ra6 Nxd4 28. Qe3 Nf5 29. Qe2 Be7 30. Ne5 Qc7 31. Nxf7 Rxf7 32. Qxe6 Rf8 33. Rxd5 Kh8 34. Rd7 Qc1+ 35. Kh2 Rf6 36. Qe2 Rxa6 37. Qxa6 Qb2 38. Qa7 Qe5 39. Rd5 Qe6 40. Qc7 Bf6 41. Qc5 Be7 42. Qc2 g6 43. Qd3 Qf6 44. Rd7 Ng7 45. f4 Ne6 46. Qe3 Rf7 47. Bd5 Bc5 48. Qxe6 Qxe6 49. Bxe6 Rxd7 50. Bxd7 Kg7 51. Kg2 Bd6 52. Kf3 Kf6 53. h4 h6 54. Kg4 Bc7 55. Be8 Bd6 56. Bb5 Bc7 57. Bd3 Bd6 58. Kf3 g5 59. fxg5+ hxg5 60. h5 Kg7 61. g4 Kh6 62. Ke4 Bf4 63. Kf5 Bc1 64. Be2 Bf4 65. Ke6 Bc1 66. Kd5 Bf4 67. Ke4 Bc1 68. Kd3 Bf4 69. Kc2 Kg7 70. Kd3 Kh6 71. Ke4 Kg7 72. Kf5 Kh6 73. Kf6 Bc1 74. Bd3 Bf4 75. Bg6 Bc1 76. Ke5 Bf4+ 77. Kd4 Kg7 78. Kd3 Kh6 79. Kc2 Kg7 80. Bf5 Kh6 81. Kd1 Kg7 82. h6+ Kxh6 1/2-1/2


[Site "https://www.chess.com"]

[Event "Titled Tuesday Blitz January 11 2022"]
[White "Cunjalo, Faris"]
[Black "Gareyev, Timur"]
[WhiteFideId "14410710"]
[BlackFideId "14200937"]
[WhiteElo "2263"]
[BlackElo "2586"]
[Result "1-0"]
[Round "06"]
[TimeControl "180+1"]
[Date "2022.01.11"]
[WhiteClock "0:00:07"]
[BlackClock "0:00:08"]

1. d4 d6 2. c4 Nf6 3. Nf3 g6 4. Nc3 Bg7 5. g3 Nc6 6. Bg2 Bf5 7. O-O Ne4 8. Nxe4 Bxe4 9. Be3 O-O 10. Qd2 e5 11. d5 Ne7 12. Rac1 Nf5 13. Bg5 f6 14. Be3 Nxe3 15. Qxe3 f5 16. c5 Bxd5 17. Rfd1 c6 18. Ng5 Bh6 19. h4 e4 20. cxd6 Qxd6 21. Nxe4 Bxe3 22. Nxd6 Bxc1 23. Bxd5+ cxd5 24. Rxc1 Rad8 25. Nb5 f4 26. Nd4 fxg3 27. fxg3 Rde8 28. Rc5 Re5 29. Kg2 b6 30. Rc7 Re4 31. e3 Rxe3 32. Rxa7 Re4 33. Nc6 Re2+ 34. Kh3 Rf7 35. Ra8+ Kg7 36. Nd4 Re4 37. Nb5 Rf3 38. Ra7+ Rf7 39. Rxf7+ Kxf7 40. Nd6+ Ke6 41. Nxe4 dxe4 42. Kg2 Kf5 43. a4 Ke5 44. b4 Kd4 45. Kf2 Kc4 46. a5 bxa5 47. bxa5 Kb5 48. Ke3 Kxa5 49. Kxe4 Kb6 50. Ke5 1-0


[Site "https://www.chess.com"]

[Event "Titled Tuesday Blitz January 11 2022"]
[White "Deac, Bogdan-Daniel"]
[Black "Kosakowski, Jakub"]
[WhiteFideId "1226380"]
[BlackFideId "1185080"]
[WhiteElo "2646"]
[BlackElo "2476"]
[Result "1-0"]
[Round "06"]
[TimeControl "180+1"]
[Date "2022.01.11"]
[WhiteClock "0:00:05"]
[BlackClock "0:00:03"]

1. d4 d5 2. Nf3 Nf6 3. c4 e6 4. g3 Bb4+ 5. Bd2 Be7 6. Bg2 O-O 7. Bf4 c6 8. Qc2 a5 9. Nbd2 b6 10. e4 Bb7 11. e5 Nfd7 12. h4 Na6 13. Ng5 g6 14. a3 c5 15. cxd5 cxd4 16. O-O Rc8 17. Qd1 h6 18. d6 Bxg2 19. dxe7 Qxe7 20. Kxg2 hxg5 21. hxg5 Kg7 22. Ne4 Nac5 23. Nf6 Rcd8 24. b4 Na6 25. Qd3 Nc7 26. Rh1 Rh8 27. Rh6 Rxh6 28. gxh6+ Kh8 29. Qc4 Ne8 30. Ne4 axb4 31. axb4 d3 32. Bg5 f6 33. exf6 Qf7 34. Qxd3 e5 35. Qf3 Rc8 36. Ra7 Nc7 37. Nd6 Qe6 38. Nxc8 Nd5 39. f7 Nf8 40. Re7 Nxe7 41. Qf6+ Kh7 42. Qxe6 Nxe6 43. Bxe7 Kxh6 44. f8=Q+ 1-0


[Site "https://www.chess.com"]

[Event "Titled Tuesday Blitz January 11 2022"]
[White "Erigaisi Arjun"]
[Black "Boyer, Mahel"]
[WhiteFideId "35009192"]
[BlackFideId "45102422"]
[WhiteElo "2745"]
[BlackElo "2328"]
[Result "0-1"]
[Round "06"]
[TimeControl "180+1"]
[Date "2022.01.11"]
[WhiteClock "0:00:06"]
[BlackClock "0:00:04"]

1. e4 Nc6 2. Nf3 d5 3. exd5 Qxd5 4. Nc3 Qh5 5. Nb5 Kd8 6. d4 Bg4 7. Bf4 a6 8. Nc3 e6 9. Be2 Nf6 10. O-O Bd6 11. Bxd6 cxd6 12. h3 Bxf3 13. Bxf3 Qf5 14. d5 Ne5 15. Be2 g5 16. dxe6 Qxe6 17. Qd4 Ke7 18. f4 gxf4 19. Rxf4 Rhg8 20. Qf2 Rg6 21. Re1 Rag8 22. Bf1 Nh5 23. Qh4+ Rg5 24. Rf2 Ng3 25. Ne4 Nxe4 26. Rxe4 Kf8 27. Qxh7 R8g7 28. Qh8+ Rg8 29. Qh4 R8g7 30. c4 Kg8 31. b3 Qg6 32. Qf4 Rh5 33. Re3 Rg5 34. Qf6 Qh5 35. Qxd6 Ng6 36. Be2 Qh4 37. Bg4 Qh6 38. Re8+ Kh7 39. Bf5 Qh4 40. Re4 Qxf2+ 41. Kxf2 Rxf5+ 42. Ke3 Rg5 43. g4 f5 44. gxf5 Rxf5 45. Re6 Rh5 46. Kd2 Rxh3 47. Kc2 Rh6 48. Kb2 Rh5 49. Ka3 Rh6 50. Qd3 Rh5 51. Qe4 Rh6 52. c5 Kh8 53. Re8+ Kh7 54. b4 Rh4 55. Qd3 Rh6 56. Re3 Kh8 57. Rh3 Rxh3 58. Qxh3+ Kg8 59. Qc8+ Kh7 60. c6 bxc6 61. Qxc6 Ne5 62. Qe4+ Ng6 63. Ka4 Re7 64. Qh1+ Kg7 65. Ka5 Re6 66. a4 Kf6 67. Qa1+ Ke7 68. Qg7+ Kd8 69. Qf7 Rd6 70. Qg8+ Kc7 71. Qa8 Ne7 72. Qa7+ Kd8 73. Qb8+ Nc8 74. Qb7 Ne7 75. b5 axb5 76. axb5 Nc8 77. Kb4 Rb6 78. Qd5+ Rd6 79. Qg8+ Kc7 80. Kc5 Nb6 81. Qf7+ Nd7+ 82. Kb4 Rf6 83. Qg7 Rd6 84. Qg3 Nb6 85. Qe5 Nd7 86. Qc3+ Kb7 87. Ka5 Nb6 88. Qf3+ Kc7 89. Qf7+ Nd7 90. Qc4+ Kb7 91. Qe4+ Kc7 92. Qe7 Rd5 93. Ka6 Rd6+ 94. Ka7 Rb6 95. Qb4 Rb7+ 96. Ka6 Nb8+ 97. Ka5 Ra7# 0-1


[Site "https://www.chess.com"]